TOP OF THE 1ST |
Villanova Wildcats batting - Pitching for West Virginia Mountaineers : RHP William Dixon
|
Pitching: RHP William Dixon
|
|
Batting: SHB Jimmy Bullock
|
0-0: Ball 1-0: Called Strike 1-1: Foul Ball, location: 2F 1-2: Ball 2-2: Strikes out looking
|
Batting: RHB Michael Boulanger
|
0-0: Ball 1-0: Fly out, F3 (Line Drive, 34S)
|
Batting: LHB Anthony Samples
|
0-0: Called Strike 0-1: Ball 1-1: Foul Ball, location: 2F 1-2: Foul Ball, location: 2F 1-2: Strikes out looking
|
Top of the 1st over - 0 runs, 0 hits, 0 errors, 0 left on base; Villanova 0 - West Virginia 0 |
BOTTOM OF THE 1ST |
West Virginia Mountaineers batting - Pitching for Villanova Wildcats : LHP Mike Waddingham
|
Pitching: LHP Mike Waddingham
|
|
Batting: LHB Eric Chávez
|
0-0: Called Strike 0-1: Ball 1-1: Called Strike 1-2: Strikes out swinging
|
Batting: RHB Chris Smith
|
0-0: Called Strike 0-1: Fly out, F6 (Line Drive, 6)
|
Batting: RHB David Randall
|
0-0: Ball 1-0: Foul Ball, location: 2F 1-1: Swinging Strike 1-2: Strikes out swinging, 2-3 out at first.
|
Bottom of the 1st over - 0 runs, 0 hits, 0 errors, 0 left on base; Villanova 0 - West Virginia 0 |
TOP OF THE 2ND |
Villanova Wildcats batting - Pitching for West Virginia Mountaineers : RHP William Dixon
|
Batting: RHB Bud López
|
0-0: Fly out, F9 (Flyball, 89D)
|
Batting: SHB John Gonzáles
|
0-0: Ball 1-0: Ball 2-0: Swinging Strike 2-1: DOUBLE (Line Drive, 9LM)
|
Batting: RHB Clay Cowden
|
0-0: Ball 1-0: Ball 2-0: Called Strike 2-1: SINGLE (Flyball, 9S) John Gonzáles to third Runner from 3rd tries for Home, SAFE, throw made home
|
Batting: SHB Neil Floyd
|
0-0: Called Strike 0-1: Swinging Strike 0-2: Ball 1-2: Strikes out swinging
|
Batting: LHB Steve Jones
|
0-0: Called Strike 0-1: Ball 1-1: Ball 2-1: Ball 3-1: Foul Ball, location: 2F 3-2: Strikes out swinging
|
Top of the 2nd over - 1 run, 2 hits, 0 errors, 1 left on base; Villanova 1 - West Virginia 0 |
BOTTOM OF THE 2ND |
West Virginia Mountaineers batting - Pitching for Villanova Wildcats : LHP Mike Waddingham
|
Batting: LHB Alden Collins
|
0-0: Foul Ball, location: 2F 0-1: Fly out, F7 (Flyball, 7)
|
Batting: LHB José Galindo
|
0-0: Foul Ball, location: 2F 0-1: Called Strike 0-2: Ball 1-2: Foul Ball, location: 2F 1-2: Ball 2-2: Strikes out looking
|
Batting: RHB Jeffery Gordon
|
0-0: Ball 1-0: Called Strike 1-1: Called Strike 1-2: Strikes out swinging
|
Bottom of the 2nd over - 0 runs, 0 hits, 0 errors, 0 left on base; Villanova 1 - West Virginia 0 |
TOP OF THE 3RD |
Villanova Wildcats batting - Pitching for West Virginia Mountaineers : RHP William Dixon
|
Batting: RHB Bob Green
|
0-0: Fly out, F8 (Flyball, 8RS)
|
Batting: SHB Jimmy Bullock
|
0-0: Ball 1-0: Ball 2-0: Ball 3-0: Called Strike 3-1: Base on Balls
|
Batting: RHB Michael Boulanger
|
0-0: Swinging Strike Jimmy Bullock steals 2nd base 0-1: Swinging Strike 0-2: Ball 1-2: Strikes out looking
|
Batting: LHB Anthony Samples
|
0-0: Foul Ball, location: 2F 0-1: Swinging Strike 0-2: Ball Wild Pitch! Jimmy Bullock to third 1-2: Ball 2-2: Strikes out looking
|
Top of the 3rd over - 0 runs, 0 hits, 0 errors, 1 left on base; Villanova 1 - West Virginia 0 |
BOTTOM OF THE 3RD |
West Virginia Mountaineers batting - Pitching for Villanova Wildcats : LHP Mike Waddingham
|
Batting: SHB George Murphy
|
0-0: Fly out, F6 (Line Drive, 6)
|
Batting: RHB Jeffrey Dunbar
|
0-0: Called Strike 0-1: Ball 1-1: Ball 2-1: Fly out, F9 (Line Drive, 9LM)
|
Batting: RHB Pancho Rodríguez
|
0-0: Ball 1-0: Ball 2-0: Called Strike 2-1: Swinging Strike 2-2: Ball 3-2: Foul Ball, location: 2F 3-2: Foul Ball, location: 2F 3-2: Base on Balls
|
Batting: LHB Eric Chávez
|
0-0: Called Strike Pancho Rodríguez steals 2nd base 0-1: Ball 1-1: Ball 2-1: Fly out, F3 (Flyball, 3D)
|
Bottom of the 3rd over - 0 runs, 0 hits, 0 errors, 1 left on base; Villanova 1 - West Virginia 0 |
TOP OF THE 4TH |
Villanova Wildcats batting - Pitching for West Virginia Mountaineers : RHP William Dixon
|
Batting: RHB Bud López
|
0-0: Ball 1-0: Foul Ball, location: 2F 1-1: Swinging Strike 1-2: Ball 2-2: Strikes out swinging
|
Batting: SHB John Gonzáles
|
0-0: Ball 1-0: Ground out 6-3 (Groundball, 6M)
|
Batting: RHB Clay Cowden
|
0-0: Called Strike 0-1: Ball 1-1: Foul Ball, location: 2F 1-2: Fly out, F6 (Popup, 6MD)
|
Top of the 4th over - 0 runs, 0 hits, 0 errors, 0 left on base; Villanova 1 - West Virginia 0 |
BOTTOM OF THE 4TH |
West Virginia Mountaineers batting - Pitching for Villanova Wildcats : LHP Mike Waddingham
|
Batting: RHB Chris Smith
|
0-0: Called Strike 0-1: Ball 1-1: Ball 2-1: DOUBLE (Line Drive, 89D)
|
Batting: RHB David Randall
|
0-0: Ball 1-0: Ball 2-0: Ball 3-0: Base on Balls
|
Batting: LHB Alden Collins
|
0-0: Ball 1-0: Ball 2-0: Ball 3-0: Called Strike 3-1: SINGLE (Groundball, 4D) Chris Smith to third David Randall to second
|
Batting: LHB José Galindo
|
0-0: Ball 1-0: SINGLE (Groundball, 34D) Chris Smith scores David Randall to third Alden Collins to second
|
Batting: RHB Jeffery Gordon
|
0-0: Ball 1-0: Foul Ball, location: 2F 1-1: Called Strike 1-2: Ball 2-2: Fly out, F9 (Line Drive, 9LS) Runner from 3rd tags up, SCORES, no throw
|
Batting: SHB George Murphy
|
0-0: Ball 1-0: Ball 2-0: Foul Ball, location: 2F 2-1: Swinging Strike 2-2: Ball 3-2: Foul Ball, location: 2F 3-2: Foul Ball, location: 2F 3-2: Strikes out swinging
|
Batting: RHB Jeffrey Dunbar
|
0-0: Called Strike 0-1: Swinging Strike 0-2: Foul Ball, location: 2F 0-2: Foul Ball, location: 2F 0-2: Fly out, F4 (Line Drive, 4)
|
Bottom of the 4th over - 2 runs, 3 hits, 0 errors, 2 left on base; Villanova 1 - West Virginia 2 |
TOP OF THE 5TH |
Villanova Wildcats batting - Pitching for West Virginia Mountaineers : RHP William Dixon
|
Batting: SHB Neil Floyd
|
0-0: Ball 1-0: Foul Ball, location: 2F 1-1: Ball 2-1: Swinging Strike 2-2: Foul Ball, location: 2F 2-2: Foul Ball, location: 2F 2-2: Ground out 3-1 (Groundball, 34D)
|
Batting: LHB Steve Jones
|
0-0: Bunt for hit - play at first, batter OUT! 1-3
|
Batting: RHB Bob Green
|
0-0: Foul Ball, location: 2F 0-1: Ball 1-1: Called Strike 1-2: Ball 2-2: Ball 3-2: Foul Ball, location: 2F 3-2: Strikes out swinging
|
Top of the 5th over - 0 runs, 0 hits, 0 errors, 0 left on base; Villanova 1 - West Virginia 2 |
BOTTOM OF THE 5TH |
West Virginia Mountaineers batting - Pitching for Villanova Wildcats : LHP Mike Waddingham
|
Batting: RHB Pancho Rodríguez
|
0-0: Called Strike 0-1: Called Strike 0-2: Ball 1-2: Foul Ball, location: 2F 1-2: Ball 2-2: Strikes out looking
|
Batting: LHB Eric Chávez
|
0-0: Ball 1-0: Swinging Strike 1-1: Ball 2-1: Ball 3-1: Base on Balls
|
Pitching: RHP Luis Rodríguez
|
|
Batting: RHB Chris Smith
|
0-0: Called Strike Eric Chávez steals 2nd base 0-1: Called Strike 0-2: Ground out 6-3 (Groundball, 6) Eric Chávez to third
|
Batting: RHB David Randall
|
0-0: Ball 1-0: Ball 2-0: Ball 3-0: Base on Balls
|
Batting: LHB Alden Collins
|
0-0: Called Strike 0-1: Ball 1-1: Foul Ball, location: 2F 1-2: Ball 2-2: Foul Ball, location: 2F 2-2: Strikes out swinging
|
Bottom of the 5th over - 0 runs, 0 hits, 0 errors, 2 left on base; Villanova 1 - West Virginia 2 |
TOP OF THE 6TH |
Villanova Wildcats batting - Pitching for West Virginia Mountaineers : RHP William Dixon
|
Batting: SHB Jimmy Bullock
|
0-0: Called Strike 0-1: Swinging Strike 0-2: Strikes out looking
|
Batting: RHB Michael Boulanger
|
0-0: Foul Ball, location: 2F 0-1: Ball 1-1: Called Strike 1-2: Foul Ball, location: 2F 1-2: Ball 2-2: Ground out 6-3 (Groundball, 6)
|
Batting: LHB Anthony Samples
|
0-0: Ball 1-0: Ball 2-0: Fly out, F9 (Flyball, 9)
|
Top of the 6th over - 0 runs, 0 hits, 0 errors, 0 left on base; Villanova 1 - West Virginia 2 |
BOTTOM OF THE 6TH |
West Virginia Mountaineers batting - Pitching for Villanova Wildcats : RHP Luis Rodríguez
|
Batting: LHB José Galindo
|
0-0: Foul Ball, location: 2F 0-1: Swinging Strike 0-2: Ground out 4-3 (Groundball, 4)
|
Batting: RHB Jeffery Gordon
|
0-0: Ground out 5-3 (Groundball, 56)
|
Batting: SHB George Murphy
|
0-0: Called Strike 0-1: Ball 1-1: Swinging Strike 1-2: Foul Ball, location: 2F 1-2: Strikes out looking
|
Bottom of the 6th over - 0 runs, 0 hits, 0 errors, 0 left on base; Villanova 1 - West Virginia 2 |
TOP OF THE 7TH |
Villanova Wildcats batting - Pitching for West Virginia Mountaineers : RHP William Dixon
|
Pitching: LHP John Hart
|
|
Batting: RHB Bud López
|
0-0: Ball 1-0: Fly out, F7 (Flyball, 7LD)
|
Batting: SHB John Gonzáles
|
0-0: Ball 1-0: Ball 2-0: Swinging Strike 2-1: Foul Ball, location: 2F 2-2: Strikes out swinging
|
Batting: RHB Clay Cowden
|
0-0: Ball 1-0: Ball 2-0: Called Strike 2-1: Foul Ball, location: 2F 2-2: Foul Ball, location: 2F 2-2: Fly out, F8 (Flyball, 8LD)
|
Top of the 7th over - 0 runs, 0 hits, 0 errors, 0 left on base; Villanova 1 - West Virginia 2 |
BOTTOM OF THE 7TH |
West Virginia Mountaineers batting - Pitching for Villanova Wildcats : RHP Luis Rodríguez
|
Batting: RHB Jeffrey Dunbar
|
0-0: Ball 1-0: Foul Ball, location: 2F 1-1: Called Strike 1-2: Foul Ball, location: 2F 1-2: Strikes out swinging
|
Batting: RHB Pancho Rodríguez
|
0-0: Called Strike 0-1: Called Strike 0-2: Ball 1-2: Ball 2-2: Foul Ball, location: 2F 2-2: Ball 3-2: SINGLE (Flyball, 89S)
|
Batting: LHB Eric Chávez
|
0-0: Ball 1-0: Fly out, F8 (Flyball, 8LS)
|
Batting: RHB Chris Smith
|
0-0: Called Strike Pancho Rodríguez steals 2nd base 0-1: Called Strike 0-2: Foul Ball, location: 2F 0-2: Strikes out swinging
|
Bottom of the 7th over - 0 runs, 1 hit, 0 errors, 1 left on base; Villanova 1 - West Virginia 2 |
TOP OF THE 8TH |
Villanova Wildcats batting - Pitching for West Virginia Mountaineers : LHP John Hart
|
Batting: SHB Neil Floyd
|
0-0: Swinging Strike 0-1: Called Strike 0-2: Ball 1-2: Strikes out looking
|
Batting: LHB Steve Jones
|
0-0: SINGLE (Line Drive, 56D)
|
Batting: RHB Bob Green
|
0-0: Called Strike 0-1: Fly out, F5 (Popup, 25)
|
Batting: SHB Jimmy Bullock
|
0-0: Ball 1-0: Ball 2-0: Ball 3-0: Called Strike 3-1: Foul Ball, location: 2F 3-2: Base on Balls Steve Jones to second
|
Batting: RHB Michael Boulanger
|
0-0: Fly out, F7 (Flyball, 78S)
|
Top of the 8th over - 0 runs, 1 hit, 0 errors, 2 left on base; Villanova 1 - West Virginia 2 |
BOTTOM OF THE 8TH |
West Virginia Mountaineers batting - Pitching for Villanova Wildcats : RHP Luis Rodríguez
|
Batting: RHB David Randall
|
0-0: Fly out, F8 (Flyball, 8RD)
|
Batting: LHB Alden Collins
|
0-0: Swinging Strike 0-1: Called Strike 0-2: Strikes out swinging
|
Batting: LHB José Galindo
|
0-0: Called Strike 0-1: Ball 1-1: Fly out, F4 (Popup, 4D)
|
Bottom of the 8th over - 0 runs, 0 hits, 0 errors, 0 left on base; Villanova 1 - West Virginia 2 |
TOP OF THE 9TH |
Villanova Wildcats batting - Pitching for West Virginia Mountaineers : LHP John Hart
|
Pitching: RHP Jorge González
|
|
Now at C: Mark Thompson
|
|
Batting: LHB Anthony Samples
|
0-0: Foul Ball, location: 2F 0-1: Foul Ball, location: 2F 0-2: Ball 1-2: SOLO HOME RUN (Flyball, 9LD), Distance : 314 ft
|
Batting: RHB Bud López
|
0-0: Called Strike 0-1: Fly out, F6 (Line Drive, 6)
|
Batting: SHB John Gonzáles
|
0-0: Called Strike 0-1: Ball 1-1: Swinging Strike 1-2: Ball 2-2: Foul Ball, location: 2F 2-2: Strikes out swinging
|
Batting: RHB Clay Cowden
|
0-0: Ball 1-0: Ball 2-0: Ball 3-0: Called Strike 3-1: SOLO HOME RUN (Flyball, 9LD), Distance : 322 ft
|
Batting: SHB Neil Floyd
|
0-0: Called Strike 0-1: Called Strike 0-2: Foul Ball, location: 2F 0-2: Ball 1-2: Ball 2-2: Strikes out swinging
|
Top of the 9th over - 2 runs, 2 hits, 0 errors, 0 left on base; Villanova 3 - West Virginia 2 |
BOTTOM OF THE 9TH |
West Virginia Mountaineers batting - Pitching for Villanova Wildcats : RHP Luis Rodríguez
|
Pitching: RHP Bill Pearson
|
|
Batting: RHB Jeffery Gordon
|
0-0: Ball 1-0: Called Strike 1-1: Ball 2-1: Called Strike 2-2: Ball 3-2: Strikes out swinging
|
Batting: SHB George Murphy
|
0-0: SINGLE (Flyball, 8LM)
|
Batting: RHB Jeffrey Dunbar
|
0-0: Called Strike 0-1: Ball 1-1: Ball 2-1: Called Strike 2-2: Hit by Pitch George Murphy to second
|
Batting: RHB Pancho Rodríguez
|
0-0: Called Strike 0-1: Ground out U3 (Groundball, 3L) George Murphy to third Jeffrey Dunbar to second
|
Batting: LHB Eric Chávez
|
0-0: Swinging Strike 0-1: Ball 1-1: Called Strike 1-2: Ball 2-2: Ball 3-2: Strikes out swinging
|
Bottom of the 9th over - 0 runs, 1 hit, 0 errors, 2 left on base; Villanova 3 - West Virginia 2 |
|